Workbook
Name ¿Quiénes_están_inscritos_dentro_del_sistema__incluye_desinscr___: #REF!
Name ¿Quiénes_están_inscritos_dentro_del_sistema__incluye_desinscr___: #REF!
Name ¿Quiénes_están_inscritos_dentro_del_sistema__incluye_desinscr___: #REF!
Name ¿Quiénes_están_inscritos_dentro_del_sistema__incluye_desinscr___: #REF!
Name ActividadRE: #REF!
Name ActividadRE: #REF!
Name ActividadRE: #REF!
Name ActividadRE: #REF!
Name ALMUERZO: '[1]Resumen Preparaciones'!$C$52:$C$113
Name almuerzocena: '[1]Resumen Preparaciones'!$C$52:$C$141
Name Calidad: [2]PERSONAL!$P$58
Name Campamento: [2]PERSONAL!$P$122
Name CostoDirectoObra: #REF!
Name CostoDirectoObra: #REF!
Name CostoDirectoObra: #REF!
Name CostoDirectoObra: #REF!
Name CuantostieneEdSuperior: #REF!
Name CuantostieneEdSuperior: #REF!
Name CuantostieneEdSuperior: #REF!
Name CuantostieneEdSuperior: #REF!
Name Decision: [3]lista!$A$6:$A$7
Name Decision: [3]lista!$A$6:$A$7
Name Decision: [3]lista!$A$6:$A$7
Name Decision: [4]lista!$A$6:$A$7
Name Dedicacion: '[5]Tal Humano'!#REF!
Name Dedicacion: '[5]Tal Humano'!#REF!
Name Dedicacion: '[5]Tal Humano'!#REF!
Name Dedicacion: '[5]Tal Humano'!#REF!
Name desayuno: '[1]Resumen Preparaciones'!$C$5:$C$50
Name DESAYUNOS: '[1]Resumen Preparaciones'!$C$5:$C$33
Name DeseanCapacitacionEn: #REF!
Name DeseanCapacitacionEn: #REF!
Name DeseanCapacitacionEn: #REF!
Name DeseanCapacitacionEn: #REF!
Name DESINSCRITOS: #REF!
Name DESINSCRITOS: #REF!
Name DESINSCRITOS: #REF!
Name DESINSCRITOS: #REF!
Name DISTRIBUCIONPORTIPOCONTRATO: #REF!
Name DISTRIBUCIONPORTIPOCONTRATO: #REF!
Name DISTRIBUCIONPORTIPOCONTRATO: #REF!
Name DISTRIBUCIONPORTIPOCONTRATO: #REF!
Name Ed_cons_empr_CodEntidad: #REF!
Name Ed_cons_empr_CodEntidad: #REF!
Name Ed_cons_empr_CodEntidad: #REF!
Name Ed_cons_empr_CodEntidad: #REF!
Name Ed_emp_codemp: #REF!
Name Ed_emp_codemp: #REF!
Name Ed_emp_codemp: #REF!
Name Ed_emp_codemp: #REF!
Name EdSuperior2: #REF!
Name EdSuperior2: #REF!
Name EdSuperior2: #REF!
Name EdSuperior2: #REF!
Name EdSuperior3: #REF!
Name EdSuperior3: #REF!
Name EdSuperior3: #REF!
Name EdSuperior3: #REF!
Name Empresa: #REF!
Name Empresa: #REF!

Sheet INFO GENERAL Y FINANCIERA
B8: Formato Información General Y Financiera De Proveedores
B10: Ciudad | E10: Fecha Dd/mm/aa | G10: Persona Natural
G11: Persona Juridica
B12: 1. Información General
B13: 1.1. Identificación.
B14: Personas naturales | C14: Nombre Comercial | F14: Nombres y Apellidos | H14: Cédula
B16: Personas juridicas | C16: Razón Social | F16: NIT | H16: DV
B18: Dirección | F18: Teléfono | G18: Fax | H18: Ciudad
B20: Pagina Web | F20: Años de Constitucion | G20: Sector al que pertenece
B22: 1.2. Personas De Contacto
B23: Gerente General | D23: E-mail | F23: Telefono | G23: Ext. | H23: Celular
B25: Director Comercial | D25: E-mail | F25: Telefono | G25: Ext. | H25: Celular
B27: Asesor Comercial | D27: E-mail | F27: Telefono | G27: Ext. | H27: Celular
B29: 1.3. Productos Y Servicios Inscritos En El Rup De Acuerdo Con El Unspsc
B30: Incluir Listado Con Breve Descripción De Los Produtos Y/o Servicios Que Ofrece La Compañía, Registrados En El Rup (agregue Las Filas Necesarias) | H30: Código de Naciones Unidas
B36: 1.4. Códigos CIIU | H36: 1.5. Número De Empleados
B37: Código De Actividad | C37: Descripción Actividad Económica CIIU | G37: Tarifa ICA
B41: 2. Información Financiera - A Diciembre 31 De 2012
B42: Nombre Del Indicador | E42: Cuenta | F42: Valores En Pesos | G42: Indicador
B43: Capacidad Financiera | C43: indice De Liquidez | E43: Activo Corriente --> | G43: =+IFERROR(F43/F44,0) -> 0 | H43: Veces
E44: Pasivo Corriente -->
C45: Indice De Endeudamiento | E45: Pasivo Total--> | G45: =+IFERROR(F45/F46,0) -> 0 | H45: Porcentaje
E46: Activo Total-->
C47: Razón De Cobertura De Intereses | E47: Utilidad Operacional--> | G47: =+IFERROR(F47/F48,0) -> 0 | H47: Veces
E48: Gastos De Interes-->
B49: Capacidad Organizacional | C49: Rentabilidad Del Patrimonio | E49: Utilidad Operacional--> | G49: =+IFERROR(F49/F50,0) -> 0 | H49: Porcentaje
E50: Patrimonio-->
C51: Rentabilidad Del Activo | E51: Utilidad Operacional--> | G51: =+IFERROR(F51/F52,0) -> 0 | H51: Porcentaje
E52: Activo Total-->
B53: Nota: Para las empresas inspeccionadas, vigiladas o controladas por la Supersociedades, la información consignada en este numeral sera validada con la reportada a la Supersociedades y disponible para consulta en Intenet mediante el Sistema de Información y Riesgo Empresarial de la Supersociedades (SIREM). Si se evidencian diferencias en los valores consignados en este formato y los reportados a la Supersociedades se tomará como referencia la información del SIREM.
B54: Otra informacion relevante de la empresa (consigne en este espacio otra información que considere de interés)

Sheet ZONA 1 - MACRO (1 y 2)
B9: SOLICITUD DE COTIZACIÓN
B11: EMPRESA: | D11: CONTACTO:
B12: CARGO: | D12: E-MAIL:
B13: TELÉFONO: | D13: FECHA:
B15: Instrucciones para el diligenciamiento del formato de cotización
B16: • Por favor diligenciar solo las celdas en AMARILLO. Se deben llenar todas las casillas. • Revisar todos los requerimientos que se exponen en el documento Ficha de Condiciones Técnicas y Anexos; y formular su cotización en concordancia con este. • El valor de la cotización deber ser expresado en PESOS COLOMBIANOS. • Los valores unitarios deberán aproximarse por exceso o por defecto al entero más cercano. Si la cifra no está aproximada y aparece con centavos, el ICBF aproximará al entero inferior. • No modificar, agregar o quitar ningún ítem o sub-ítem.
B17: Notas: (1) El plazo de ejecución del contrato se estima en cinco (5) meses. Sin embargo, la firma interventora debe estar disponible durante los siguientes 4 meses, para adelantar los requerimientos de información que realice el ICBF o cualquier Entidad de control. Estos 4 meses adicionales deben estar contemplados en los costos de administración. (2) Administración y Utilidad: Establecer los porcentajes que correspondan a estos dos factores. Con respecto a la Administración, incluir en éste los costos correspondientes a demás costos indirectos relacionados en el contrato entre ellos se deben tener en cuenta las pólizas para la legalización del contrato, gastos de oficina, papelería, gravamen al impuesto financiero (4 x mil) e imprevistos.
B19: Tiempo de ejecución en meses (Nota 1) | C19: 5 | D19: Zona --> | E19: 1 | F19: Macros --> | G19: 1 Y 2
B21: CATEGORÍA DE COSTO | C21: CARGO | D21: Personas Requeridas | E21: % de dedicación en el proyecto | F21: Valor mes (honorarios o salarios) | G21: Costo Total (Periodo de ejecución)
B22: PERSONAL | C22: Director de Interventoría | D22: 1 | E22: 1 | G22: =ROUND(D22*E22*F22*$C$19,0) -> 0
C23: Coordinador Técnico | D23: 1 | E23: 1 | G23: =ROUND(D23*E23*F23*$C$19,0) -> 0
C24: Profesional Administrativo y financiero | D24: 1 | E24: 1 | G24: =ROUND(D24*E24*F24*$C$19,0) -> 0
C25: Profesional en Calidad | D25: 1 | E25: 1 | G25: =ROUND(D25*E25*F25*$C$19,0) -> 0
C26: Profesional de Sistemas | D26: 1 | E26: 1 | G26: =ROUND(D26*E26*F26*$C$19,0) -> 0
C27: Profesional de Área Técnico nutricional | D27: 1 | E27: 1 | G27: =ROUND(D27*E27*F27*$C$19,0) -> 0
C28: Profesional del Área social | D28: 2 | E28: 1 | G28: =ROUND(D28*E28*F28*$C$19,0) -> 0
C29: Supervisor de Campo Nutricionista | D29: 3 | E29: 1 | G29: =ROUND(D29*E29*F29*$C$19,0) -> 0
C30: Supervisor de Campo Ingeniero de Alimentos | D30: 7 | E30: 1 | G30: =ROUND(D30*E30*F30*$C$19,0) -> 0
C31: Supervisor de Campo Tecnologo de Alimentos | D31: 4 | E31: 1 | G31: =ROUND(D31*E31*F31*$C$19,0) -> 0
C32: Profesional Residente | D32: 3 | E32: 1 | G32: =ROUND(D32*E32*F32*$C$19,0) -> 0
C33: Técnico administrativo en correspondencia | D33: 1 | E33: 1 | G33: =ROUND(D33*E33*F33*$C$19,0) -> 0
C34: Tecnólogo en Sistemas | D34: 1 | E34: 1 | G34: =ROUND(D34*E34*F34*$C$19,0) -> 0
... C37: Auxiliar de archivo | D37: 1 | E37: 1 | G37: =ROUND(D37*E37*F37*$C$19,0) -> 0
B38: VALOR TOTAL TALENTO HUMANO | D38: =SUM(D22:D37) -> 32 | G38: =SUM(G22:G37) -> 0
B40: CATEGORÍA DE COSTO | C40: CONCEPTO | E40: Cantidad de visitas | F40: Valor Unitario Promedio | G40: TOTAL
B41: DESPLAZAMIENTOS | C41: VISITAS A : Unidad de Servicio, Seguimiento , Quejas y Reclamos, Socialización Regionales, Reuniones a Municipios , Bodegas, Plantas , Contratistas y Aplicación guia de transporte. | E41: 1291 | G41: =+ROUND(F41*E41,0) -> 0
B42: VALOR TOTAL DESPLAZAMIENTOS | G42: =+G41 -> 0
B44: CATEGORÍA DE COSTO | C44: TIPO DE ANALISIS | E44: Cantidad | F44: Valor Unitario | G44: TOTAL
B45: ANALISIS DE LABORATORIO | C45: LACTEOS - FISICOQUIMICOS
C46: Volumen | E46: 28 | G46: =+ROUND(F46*E46,0) -> 0
C47: Grasa % m/v | E47: 28 | G47: =+ROUND(F47*E47,0) -> 0
C48: Extracto seco total % m/m | E48: 28 | G48: =+ROUND(F48*E48,0) -> 0
C49: Extracto seco desengrasado % m/m | E49: 28 | G49: =+ROUND(F49*E49,0) -> 0
C50: Sólidos lácteos no grasos | E50: 28 | G50: =+ROUND(F50*E50,0) -> 0
C51: Peroxidasa | E51: 28 | G51: =+ROUND(F51*E51,0) -> 0
C52: Fosfatasa | E52: 28 | G52: =+ROUND(F52*E52,0) -> 0
C53: Densidad 15/15°C (g/ml) | E53: 28 | G53: =+ROUND(F53*E53,0) -> 0
C54: Acidez expresado como ácido láctico % m/v | E54: 28 | G54: =+ROUND(F54*E54,0) -> 0
C55: pH | E55: 28 | G55: =+ROUND(F55*E55,0) -> 0
C56: índice °C | E56: 28 | G56: =+ROUND(F56*E56,0) -> 0
C57: Crioscópico °H | E57: 28 | G57: =+ROUND(F57*E57,0) -> 0
... C62: Carbohidratos | E62: 28 | G62: =+ROUND(F62*E62,0) -> 0
C63: SUBTOTAL FISICOQUIMICOS | G63: =SUM(G46:G62) -> 0
C64: LACTEOS - MICROBIOLOGICOS
C65: Esterilidad comercial | E65: 28 | G65: =+ROUND(F65*E65,0) -> 0
C66: SUBTOTAL MICROBIOLOGICOS | G66: =+G65 -> 0
C67: TOTAL LÁCTEOS (FISICOQUIMICOS + MICROBIOLOGICOS) | G67: =+G66+G63 -> 0
C68: SOLIDOS GALLETAS - FISICOQUIMICOS
C69: Peso por ración | E69: 5 | G69: =+ROUND(F69*E69,0) -> 0
C70: Hierro Aminoquelado | E70: 5 | G70: =+ROUND(F70*E70,0) -> 0
C71: Ácido Fólico | E71: 5 | G71: =+ROUND(F71*E71,0) -> 0
C72: Proteínas | E72: 5 | G72: =+ROUND(F72*E72,0) -> 0
C73: Carbohidratos | E73: 5 | G73: =+ROUND(F73*E73,0) -> 0
C74: Grasas | E74: 5 | G74: =+ROUND(F74*E74,0) -> 0
C75: pH de solución acuosa al 10% | E75: 5 | G75: =+ROUND(F75*E75,0) -> 0
C76: Proteína % en fracción en base seca | E76: 5 | G76: =+ROUND(F76*E76,0) -> 0
C77: Humedad en % | E77: 5 | G77: =+ROUND(F77*E77,0) -> 0
C78: SUBTOTAL FISICOQUIMICOS | G78: =SUM(G69:G77) -> 0
C79: SOLIDOS GALLETAS - MICROBIOLOGICOS
C80: Recuento de bacterias aerobias mesófilas, UFC/g | E80: 5 | G80: =+ROUND(F80*E80,0) -> 0
C81: Recuento de coliformes en placa, UFC/g | E81: 5 | G81: =+ROUND(F81*E81,0) -> 0
C82: Recuento de Staphylococcus aeureus coagulasa positiva, UFC/g | E82: 5 | G82: =+ROUND(F82*E82,0) -> 0
C83: Recuento de mohos y levaduras, UFC/g | E83: 5 | G83: =+ROUND(F83*E83,0) -> 0
C84: Detección de Salmonella /25g | E84: 5 | G84: =+ROUND(F84*E84,0) -> 0
C85: Recuento de Escherichia coli, UFC/g | E85: 5 | G85: =+ROUND(F85*E85,0) -> 0
C86: Recuento de Bacillus cereus, UFC/g | E86: 5 | G86: =+ROUND(F86*E86,0) -> 0
C87: SUBTOTAL MICROBIOLOGICOS | G87: =SUM(G80:G86) -> 0
C88: TOTAL SOLIDOS GALLETAS (FISICOQUIMICOS + MICROBIOLOGICOS) | G88: =+G87+G78 -> 0
C89: ANALISIS DE EMPAQUE PRIMARIO - LACTEOS
C90: Transmisión de luz (transmitancia total) | E90: 2 | G90: =+ROUND(F90*E90,0) -> 0
C91: Permeabilidad al oxígeno | E91: 2 | G91: =+ROUND(F91*E91,0) -> 0
C92: ANALISIS DE EMPAQUE PRIMARIO - GALLETAS
C93: Espesor (micras) | E93: 1 | G93: =+ROUND(F93*E93,0) -> 0
C94: Transmisión de vapor de agua | E94: 1 | G94: =+ROUND(F94*E94,0) -> 0
C95: TOTAL ANALISIS DE EMPAQUES | G95: =+G90+G91+G93+G94 -> 0
B96: VALOR TOTAL ANALISIS DE LABORATORIO (TOTAL LACTEOS + TOTAL SOLIDOS GALLETAS + TOTAL ANALISIS DE EMPAQUES) | G96: =+G95+G88+G67 -> 0
B98: SUBTOTAL 1 (TALENTO HUMANO + DESPLAZAMIENTOS + ANALISIS DE LABORATORIO) | G98: =+G38+G42+G96 -> 0
B100: CATEGORÍA DE COSTO | C100: CONCEPTO | F100: Porcentaje | G100: Costo Total
B101: ADMINISTRACIÓN Y UTILIDAD (Nota 2) | C101: Administración | G101: =+F101*$G$98 -> 0
C102: Utilidad | G102: =+F102*$G$98 -> 0
B103: TOTAL ADMINISTRACIÓN Y UTILIDAD | G103: =SUM(G101:G102) -> 0
B105: SUBTOTAL 2 (SUBTOTAL 1 + ADMINISTRACIÓN Y UTILIDAD) | G105: =+G98+G103 -> 0
B107: CATEGORÍA DE COSTO | C107: CONCEPTO | F107: Porcentaje | G107: Costo Total
B108: IMPUESTOS | C108: IVA | F108: 0.16 | G108: =+F108*$G$105 -> 0
C109: ICA | F109: =6.9/1000 -> 0.0069 | G109: =+F109*$G$105 -> 0
B110: TOTAL IMPUESTOS | G110: =SUM(G108:G109) -> 0
B112: TOTAL COTIZACION INTERVENTORIA ZONA 1 (MACRO 1 Y 2) | G112: =+G105+G110 -> 0
B114: La presente cotización:
B115: • Incluye todos los costos y gastos directos e indirectos en que debe incurrir el contratista durante la ejecución del contrato de acuerdo con las especificaciones de la Ficha de Condiciones Técnicas, las obligaciones tributarias de acuerdo con las normas aplicables para el tipo de servicio y contrato correspondiente, y los costos de las pólizas. • Se remite como parte del estudio de mercado, previo a la contratación, y no implica ninguna obligación de contratar. • Tiene una vigencia de 90 días a partir de la fecha de diligenciamiento.
B116: Inscripción en el Registro Único de Proponentes: Las personas naturales y jurídicas, nacionales o extranjeras, con domicilio en Colombia, interesadas en participar en procesos de contratación convocados por las entidades estatales, deben estar inscritas en el RUP, salvo las excepciones previstas de forma taxativa en la ley (Artículo 8 del Decreto 1510 de 2013). Se aclara que esta inscripción no se requiere para remitir cotización durante el estudio de mercado.
E306: 0.16
E307: 0

Sheet ZONA 2 - MACRO (3 y 6)
B9: SOLICITUD DE COTIZACIÓN
B11: EMPRESA: | C11: =+'ZONA 1 - MACRO (1 y 2)'!C11 -> 0 | D11: CONTACTO: | E11: =+'ZONA 1 - MACRO (1 y 2)'!E11:G11 -> 0
B12: CARGO: | C12: =+'ZONA 1 - MACRO (1 y 2)'!C12 -> 0 | D12: E-MAIL: | E12: =+'ZONA 1 - MACRO (1 y 2)'!E12:G12 -> 0
B13: TELÉFONO: | C13: =+'ZONA 1 - MACRO (1 y 2)'!C13 -> 0 | D13: FECHA: | E13: =+'ZONA 1 - MACRO (1 y 2)'!E13:G13 -> 0
B15: Instrucciones para el diligenciamiento del formato de cotización
B16: • Por favor diligenciar solo las celdas en AMARILLO. Se deben llenar todas las casillas. • Revisar todos los requerimientos que se exponen en el documento Ficha de Condiciones Técnicas y Anexos; y formular su cotización en concordancia con este. • El valor de la cotización deber ser expresado en PESOS COLOMBIANOS. • Los valores unitarios deberán aproximarse por exceso o por defecto al entero más cercano. Si la cifra no está aproximada y aparece con centavos, el ICBF aproximará al entero inferior. • No modificar, agregar o quitar ningún ítem o sub-ítem.
B17: Notas: (1) El plazo de ejecución del contrato se estima en cinco (5) meses. Sin embargo, la firma interventora debe estar disponible durante los siguientes 4 meses, para adelantar los requerimientos de información que realice el ICBF o cualquier Entidad de control. Estos 4 meses adicionales deben estar contemplados en los costos de administración. (2) Administración y Utilidad: Establecer los porcentajes que correspondan a estos dos factores. Con respecto a la Administración, incluir en éste los costos correspondientes a demás costos indirectos relacionados en el contrato entre ellos se deben tener en cuenta las pólizas para la legalización del contrato, gastos de oficina, papelería, gravamen al impuesto financiero (4 x mil) e imprevistos.
B19: Tiempo de ejecución en meses (Nota 1) | C19: 5 | D19: Zona --> | E19: 2 | F19: Macros --> | G19: 3 Y 6
B21: CATEGORÍA DE COSTO | C21: CARGO | D21: Personas Requeridas | E21: % de dedicación en el proyecto | F21: Valor mes (honorarios o salarios) | G21: Costo Total (Periodo de ejecución)
B22: PERSONAL | C22: Director de Interventoría | D22: 1 | E22: 1 | G22: =ROUND(D22*E22*F22*$C$19,0) -> 0
C23: Coordinador Técnico | D23: 1 | E23: 1 | G23: =ROUND(D23*E23*F23*$C$19,0) -> 0
C24: Profesional Administrativo y financiero | D24: 1 | E24: 1 | G24: =ROUND(D24*E24*F24*$C$19,0) -> 0
C25: Profesional en Calidad | D25: 1 | E25: 1 | G25: =ROUND(D25*E25*F25*$C$19,0) -> 0
C26: Profesional de Sistemas | D26: 1 | E26: 1 | G26: =ROUND(D26*E26*F26*$C$19,0) -> 0
C27: Profesional de Área Técnico nutricional | D27: 1 | E27: 1 | G27: =ROUND(D27*E27*F27*$C$19,0) -> 0
C28: Profesional del Área social | D28: 2 | E28: 1 | G28: =ROUND(D28*E28*F28*$C$19,0) -> 0
C29: Supervisor de Campo Nutricionista | D29: 3 | E29: 1 | G29: =ROUND(D29*E29*F29*$C$19,0) -> 0
C30: Supervisor de Campo Ingeniero de Alimentos | D30: 8 | E30: 1 | G30: =ROUND(D30*E30*F30*$C$19,0) -> 0
C31: Supervisor de Campo Tecnologo de Alimentos | D31: 4 | E31: 1 | G31: =ROUND(D31*E31*F31*$C$19,0) -> 0
C32: Profesional Residente | D32: 3 | E32: 1 | G32: =ROUND(D32*E32*F32*$C$19,0) -> 0
C33: Técnico administrativo en correspondencia | D33: 1 | E33: 1 | G33: =ROUND(D33*E33*F33*$C$19,0) -> 0
C34: Tecnólogo en Sistemas | D34: 1 | E34: 1 | G34: =ROUND(D34*E34*F34*$C$19,0) -> 0
... C37: Auxiliar de archivo | D37: 1 | E37: 1 | G37: =ROUND(D37*E37*F37*$C$19,0) -> 0
B38: VALOR TOTAL TALENTO HUMANO | G38: =SUM(G22:G37) -> 0
B40: CATEGORÍA DE COSTO | C40: CONCEPTO | E40: Cantidad de visitas | F40: Valor Unitario Promedio | G40: TOTAL
B41: DESPLAZAMIENTOS | C41: VISITAS A : Unidad de Servicio, Seguimiento , Quejas y Reclamos, Socialización Regionales, Reuniones a Municipios , Bodegas, Plantas , Contratistas y Aplicación guia de transporte. | E41: 1201 | G41: =+ROUND(F41*E41,0) -> 0
B42: VALOR TOTAL DESPLAZAMIENTOS | G42: =+G41 -> 0
B44: CATEGORÍA DE COSTO | C44: TIPO DE ANALISIS | E44: Cantidad | F44: Valor Unitario | G44: TOTAL
B45: ANALISIS DE LABORATORIO | C45: LACTEOS - FISICOQUIMICOS
C46: Volumen | E46: 24 | G46: =+ROUND(F46*E46,0) -> 0
C47: Grasa % m/v | E47: 24 | G47: =+ROUND(F47*E47,0) -> 0
C48: Extracto seco total % m/m | E48: 24 | G48: =+ROUND(F48*E48,0) -> 0
C49: Extracto seco desengrasado % m/m | E49: 24 | G49: =+ROUND(F49*E49,0) -> 0
C50: Sólidos lácteos no grasos | E50: 24 | G50: =+ROUND(F50*E50,0) -> 0
C51: Peroxidasa | E51: 24 | G51: =+ROUND(F51*E51,0) -> 0
C52: Fosfatasa | E52: 24 | G52: =+ROUND(F52*E52,0) -> 0
C53: Densidad 15/15°C (g/ml) | E53: 24 | G53: =+ROUND(F53*E53,0) -> 0
C54: Acidez expresado como ácido láctico % m/v | E54: 24 | G54: =+ROUND(F54*E54,0) -> 0
C55: pH | E55: 24 | G55: =+ROUND(F55*E55,0) -> 0
C56: índice °C | E56: 24 | G56: =+ROUND(F56*E56,0) -> 0
C57: Crioscópico °H | E57: 24 | G57: =+ROUND(F57*E57,0) -> 0
... C62: Carbohidratos | E62: 24 | G62: =+ROUND(F62*E62,0) -> 0
C63: SUBTOTAL FISICOQUIMICOS | G63: =SUM(G46:G62) -> 0
C64: LACTEOS - MICROBIOLOGICOS
C65: Esterilidad comercial | E65: 24 | G65: =+ROUND(F65*E65,0) -> 0
C66: SUBTOTAL MICROBIOLOGICOS | G66: =+G65 -> 0
C67: TOTAL LÁCTEOS (FISICOQUIMICOS + MICROBIOLOGICOS) | G67: =+G66+G63 -> 0
C68: SOLIDOS GALLETAS - FISICOQUIMICOS
C69: Peso por ración | E69: 5 | G69: =+ROUND(F69*E69,0) -> 0
C70: Hierro Aminoquelado | E70: 5 | G70: =+ROUND(F70*E70,0) -> 0
C71: Ácido Fólico | E71: 5 | G71: =+ROUND(F71*E71,0) -> 0
C72: Proteínas | E72: 5 | G72: =+ROUND(F72*E72,0) -> 0
C73: Carbohidratos | E73: 5 | G73: =+ROUND(F73*E73,0) -> 0
C74: Grasas | E74: 5 | G74: =+ROUND(F74*E74,0) -> 0
C75: pH de solución acuosa al 10% | E75: 5 | G75: =+ROUND(F75*E75,0) -> 0
C76: Proteína % en fracción en base seca | E76: 5 | G76: =+ROUND(F76*E76,0) -> 0
C77: Humedad en % | E77: 5 | G77: =+ROUND(F77*E77,0) -> 0
C78: SUBTOTAL FISICOQUIMICOS | G78: =SUM(G69:G77) -> 0
C79: SOLIDOS GALLETAS - MICROBIOLOGICOS
C80: Recuento de bacterias aerobias mesófilas, UFC/g | E80: 5 | G80: =+ROUND(F80*E80,0) -> 0
C81: Recuento de coliformes en placa, UFC/g | E81: 5 | G81: =+ROUND(F81*E81,0) -> 0
C82: Recuento de Staphylococcus aeureus coagulasa positiva, UFC/g | E82: 5 | G82: =+ROUND(F82*E82,0) -> 0
C83: Recuento de mohos y levaduras, UFC/g | E83: 5 | G83: =+ROUND(F83*E83,0) -> 0
C84: Detección de Salmonella /25g | E84: 5 | G84: =+ROUND(F84*E84,0) -> 0
C85: Recuento de Escherichia coli, UFC/g | E85: 5 | G85: =+ROUND(F85*E85,0) -> 0
C86: Recuento de Bacillus cereus, UFC/g | E86: 5 | G86: =+ROUND(F86*E86,0) -> 0
C87: SUBTOTAL MICROBIOLOGICOS | G87: =SUM(G80:G86) -> 0
C88: TOTAL SOLIDOS GALLETAS (FISICOQUIMICOS + MICROBIOLOGICOS) | G88: =+G87+G78 -> 0
C89: ANALISIS DE EMPAQUE PRIMARIO - LACTEOS
C90: Transmisión de luz (transmitancia total) | E90: 2 | G90: =+ROUND(F90*E90,0) -> 0
C91: Permeabilidad al oxígeno | E91: 2 | G91: =+ROUND(F91*E91,0) -> 0
C92: ANALISIS DE EMPAQUE PRIMARIO - GALLETAS
C93: Espesor (micras) | E93: 1 | G93: =+ROUND(F93*E93,0) -> 0
C94: Transmisión de vapor de agua | E94: 1 | G94: =+ROUND(F94*E94,0) -> 0
C95: TOTAL ANALISIS DE EMPAQUES | G95: =+G90+G91+G93+G94 -> 0
B96: VALOR TOTAL ANALISIS DE LABORATORIO (TOTAL LACTEOS + TOTAL SOLIDOS GALLETAS + TOTAL ANALISIS DE EMPAQUES) | G96: =+G95+G88+G67 -> 0
B98: SUBTOTAL 1 (TALENTO HUMANO + DESPLAZAMIENTOS + ANALISIS DE LABORATORIO) | G98: =+G38+G42+G96 -> 0
B100: CATEGORÍA DE COSTO | C100: CONCEPTO | F100: Porcentaje | G100: Costo Total
B101: ADMINISTRACIÓN Y UTILIDAD (Nota 2) | C101: Administración | G101: =+F101*$G$98 -> 0
C102: Utilidad | G102: =+F102*$G$98 -> 0
B103: TOTAL ADMINISTRACIÓN Y UTILIDAD | G103: =SUM(G101:G102) -> 0
B105: SUBTOTAL 2 (SUBTOTAL 1 + ADMINISTRACIÓN Y UTILIDAD) | G105: =+G98+G103 -> 0
B107: CATEGORÍA DE COSTO | C107: CONCEPTO | F107: Porcentaje | G107: Costo Total
B108: IMPUESTOS | C108: IVA | F108: 0.16 | G108: =+F108*$G$105 -> 0
C109: ICA | F109: =6.9/1000 -> 0.0069 | G109: =+F109*$G$105 -> 0
B110: TOTAL IMPUESTOS | G110: =SUM(G108:G109) -> 0
B112: TOTAL COTIZACION INTERVENTORIA ZONA 2 (MACRO 3 Y 6) | G112: =+G105+G110 -> 0
B114: La presente cotización:
B115: • Incluye todos los costos y gastos directos e indirectos en que debe incurrir el contratista durante la ejecución del contrato de acuerdo con las especificaciones de la Ficha de Condiciones Técnicas, las obligaciones tributarias de acuerdo con las normas aplicables para el tipo de servicio y contrato correspondiente, y los costos de las pólizas. • Se remite como parte del estudio de mercado, previo a la contratación, y no implica ninguna obligación de contratar. • Tiene una vigencia de 90 días a partir de la fecha de diligenciamiento.
B116: Inscripción en el Registro Único de Proponentes: Las personas naturales y jurídicas, nacionales o extranjeras, con domicilio en Colombia, interesadas en participar en procesos de contratación convocados por las entidades estatales, deben estar inscritas en el RUP, salvo las excepciones previstas de forma taxativa en la ley (Artículo 8 del Decreto 1510 de 2013). Se aclara que esta inscripción no se requiere para remitir cotización durante el estudio de mercado.
E306: 0.16
E307: 0

Sheet ZONA 3 - MACRO (4 y 5)
B9: SOLICITUD DE COTIZACIÓN
B11: EMPRESA: | C11: =+'ZONA 1 - MACRO (1 y 2)'!C11 -> 0 | D11: CONTACTO: | E11: =+'ZONA 1 - MACRO (1 y 2)'!E11:G11 -> 0
B12: CARGO: | C12: =+'ZONA 1 - MACRO (1 y 2)'!C12 -> 0 | D12: E-MAIL: | E12: =+'ZONA 1 - MACRO (1 y 2)'!E12:G12 -> 0
B13: TELÉFONO: | C13: =+'ZONA 1 - MACRO (1 y 2)'!C13 -> 0 | D13: FECHA: | E13: =+'ZONA 1 - MACRO (1 y 2)'!E13:G13 -> 0
B15: Instrucciones para el diligenciamiento del formato de cotización
B16: • Por favor diligenciar solo las celdas en AMARILLO. Se deben llenar todas las casillas. • Revisar todos los requerimientos que se exponen en el documento Ficha de Condiciones Técnicas y Anexos; y formular su cotización en concordancia con este. • El valor de la cotización deber ser expresado en PESOS COLOMBIANOS. • Los valores unitarios deberán aproximarse por exceso o por defecto al entero más cercano. Si la cifra no está aproximada y aparece con centavos, el ICBF aproximará al entero inferior. • No modificar, agregar o quitar ningún ítem o sub-ítem.
B17: Notas: (1) El plazo de ejecución del contrato se estima en cinco (5) meses. Sin embargo, la firma interventora debe estar disponible durante los siguientes 4 meses, para adelantar los requerimientos de información que realice el ICBF o cualquier Entidad de control. Estos 4 meses adicionales deben estar contemplados en los costos de administración. (2) Administración y Utilidad: Establecer los porcentajes que correspondan a estos dos factores. Con respecto a la Administración, incluir en éste los costos correspondientes a demás costos indirectos relacionados en el contrato entre ellos se deben tener en cuenta las pólizas para la legalización del contrato, gastos de oficina, papelería, gravamen al impuesto financiero (4 x mil) e imprevistos.
B19: Tiempo de ejecución en meses (Nota 1) | C19: 5 | D19: Zona --> | E19: 3 | F19: Macros --> | G19: 4 Y 5
B21: CATEGORÍA DE COSTO | C21: CARGO | D21: Personas Requeridas | E21: % de dedicación en el proyecto | F21: Valor mes (honorarios o salarios) | G21: Costo Total (Periodo de ejecución)
B22: PERSONAL | C22: Director de Interventoría | D22: 1 | E22: 1 | G22: =ROUND(D22*E22*F22*$C$19,0) -> 0
C23: Coordinador Técnico | D23: 1 | E23: 1 | G23: =ROUND(D23*E23*F23*$C$19,0) -> 0
C24: Profesional Administrativo y financiero | D24: 1 | E24: 1 | G24: =ROUND(D24*E24*F24*$C$19,0) -> 0
C25: Profesional en Calidad | D25: 1 | E25: 1 | G25: =ROUND(D25*E25*F25*$C$19,0) -> 0
C26: Profesional de Sistemas | D26: 1 | E26: 1 | G26: =ROUND(D26*E26*F26*$C$19,0) -> 0
C27: Profesional de Área Técnico nutricional | D27: 1 | E27: 1 | G27: =ROUND(D27*E27*F27*$C$19,0) -> 0
C28: Profesional del Área social | D28: 2 | E28: 1 | G28: =ROUND(D28*E28*F28*$C$19,0) -> 0
C29: Supervisor de Campo Nutricionista | D29: 3 | E29: 1 | G29: =ROUND(D29*E29*F29*$C$19,0) -> 0
C30: Supervisor de Campo Ingeniero de Alimentos | D30: 6 | E30: 1 | G30: =ROUND(D30*E30*F30*$C$19,0) -> 0
C31: Supervisor de Campo Tecnologo de Alimentos | D31: 4 | E31: 1 | G31: =ROUND(D31*E31*F31*$C$19,0) -> 0
C32: Profesional Residente | D32: 5 | E32: 1 | G32: =ROUND(D32*E32*F32*$C$19,0) -> 0
C33: Técnico administrativo en correspondencia | D33: 1 | E33: 1 | G33: =ROUND(D33*E33*F33*$C$19,0) -> 0
C34: Tecnólogo en Sistemas | D34: 1 | E34: 1 | G34: =ROUND(D34*E34*F34*$C$19,0) -> 0
... C37: Auxiliar de archivo | D37: 1 | E37: 1 | G37: =ROUND(D37*E37*F37*$C$19,0) -> 0
B38: VALOR TOTAL TALENTO HUMANO | G38: =SUM(G22:G37) -> 0
B40: CATEGORÍA DE COSTO | C40: CONCEPTO | E40: Cantidad de visitas | F40: Valor Unitario Promedio | G40: TOTAL
B41: DESPLAZAMIENTOS | C41: VISITAS A : Unidad de Servicio, Seguimiento , Quejas y Reclamos, Socialización Regionales, Reuniones a Municipios , Bodegas, Plantas , Contratistas y Aplicación guia de transporte. | E41: 1037 | G41: =+ROUND(F41*E41,0) -> 0
B42: VALOR TOTAL DESPLAZAMIENTOS | G42: =+G41 -> 0
B44: CATEGORÍA DE COSTO | C44: TIPO DE ANALISIS | E44: Cantidad | F44: Valor Unitario | G44: TOTAL
B45: ANALISIS DE LABORATORIO | C45: LACTEOS - FISICOQUIMICOS
C46: Volumen | E46: 30 | G46: =+ROUND(F46*E46,0) -> 0
C47: Grasa % m/v | E47: 30 | G47: =+ROUND(F47*E47,0) -> 0
C48: Extracto seco total % m/m | E48: 30 | G48: =+ROUND(F48*E48,0) -> 0
C49: Extracto seco desengrasado % m/m | E49: 30 | G49: =+ROUND(F49*E49,0) -> 0
C50: Sólidos lácteos no grasos | E50: 30 | G50: =+ROUND(F50*E50,0) -> 0
C51: Peroxidasa | E51: 30 | G51: =+ROUND(F51*E51,0) -> 0
C52: Fosfatasa | E52: 30 | G52: =+ROUND(F52*E52,0) -> 0
C53: Densidad 15/15°C (g/ml) | E53: 30 | G53: =+ROUND(F53*E53,0) -> 0
C54: Acidez expresado como ácido láctico % m/v | E54: 30 | G54: =+ROUND(F54*E54,0) -> 0
C55: pH | E55: 30 | G55: =+ROUND(F55*E55,0) -> 0
C56: índice °C | E56: 30 | G56: =+ROUND(F56*E56,0) -> 0
C57: Crioscópico °H | E57: 30 | G57: =+ROUND(F57*E57,0) -> 0
... C62: Carbohidratos | E62: 30 | G62: =+ROUND(F62*E62,0) -> 0
C63: SUBTOTAL FISICOQUIMICOS | G63: =SUM(G46:G62) -> 0
C64: LACTEOS - MICROBIOLOGICOS
C65: Esterilidad comercial | E65: 30 | G65: =+ROUND(F65*E65,0) -> 0
C66: SUBTOTAL MICROBIOLOGICOS | G66: =+G65 -> 0
C67: TOTAL LÁCTEOS (FISICOQUIMICOS + MICROBIOLOGICOS) | G67: =+G66+G63 -> 0
C68: SOLIDOS GALLETAS - FISICOQUIMICOS
C69: Peso por ración | E69: 5 | G69: =+ROUND(F69*E69,0) -> 0
C70: Hierro Aminoquelado | E70: 5 | G70: =+ROUND(F70*E70,0) -> 0
C71: Ácido Fólico | E71: 5 | G71: =+ROUND(F71*E71,0) -> 0
C72: Proteínas | E72: 5 | G72: =+ROUND(F72*E72,0) -> 0
C73: Carbohidratos | E73: 5 | G73: =+ROUND(F73*E73,0) -> 0
C74: Grasas | E74: 5 | G74: =+ROUND(F74*E74,0) -> 0
C75: pH de solución acuosa al 10% | E75: 5 | G75: =+ROUND(F75*E75,0) -> 0
C76: Proteína % en fracción en base seca | E76: 5 | G76: =+ROUND(F76*E76,0) -> 0
C77: Humedad en % | E77: 5 | G77: =+ROUND(F77*E77,0) -> 0
C78: SUBTOTAL FISICOQUIMICOS | G78: =SUM(G69:G77) -> 0
C79: SOLIDOS GALLETAS - MICROBIOLOGICOS
C80: Recuento de bacterias aerobias mesófilas, UFC/g | E80: 5 | G80: =+ROUND(F80*E80,0) -> 0
C81: Recuento de coliformes en placa, UFC/g | E81: 5 | G81: =+ROUND(F81*E81,0) -> 0
C82: Recuento de Staphylococcus aeureus coagulasa positiva, UFC/g | E82: 5 | G82: =+ROUND(F82*E82,0) -> 0
C83: Recuento de mohos y levaduras, UFC/g | E83: 5 | G83: =+ROUND(F83*E83,0) -> 0
C84: Detección de Salmonella /25g | E84: 5 | G84: =+ROUND(F84*E84,0) -> 0
C85: Recuento de Escherichia coli, UFC/g | E85: 5 | G85: =+ROUND(F85*E85,0) -> 0
C86: Recuento de Bacillus cereus, UFC/g | E86: 5 | G86: =+ROUND(F86*E86,0) -> 0
C87: SUBTOTAL MICROBIOLOGICOS | G87: =SUM(G80:G86) -> 0
C88: TOTAL SOLIDOS GALLETAS (FISICOQUIMICOS + MICROBIOLOGICOS) | G88: =+G87+G78 -> 0
C89: ANALISIS DE EMPAQUE PRIMARIO - LACTEOS
C90: Transmisión de luz (transmitancia total) | E90: 2 | G90: =+ROUND(F90*E90,0) -> 0
C91: Permeabilidad al oxígeno | E91: 2 | G91: =+ROUND(F91*E91,0) -> 0
C92: ANALISIS DE EMPAQUE PRIMARIO - GALLETAS
C93: Espesor (micras) | E93: 1 | G93: =+ROUND(F93*E93,0) -> 0
C94: Transmisión de vapor de agua | E94: 1 | G94: =+ROUND(F94*E94,0) -> 0
C95: TOTAL ANALISIS DE EMPAQUES | G95: =+G90+G91+G93+G94 -> 0
B96: VALOR TOTAL ANALISIS DE LABORATORIO (TOTAL LACTEOS + TOTAL SOLIDOS GALLETAS + TOTAL ANALISIS DE EMPAQUES) | G96: =+G95+G88+G67 -> 0
B98: SUBTOTAL 1 (TALENTO HUMANO + DESPLAZAMIENTOS + ANALISIS DE LABORATORIO) | G98: =+G38+G42+G96 -> 0
B100: CATEGORÍA DE COSTO | C100: CONCEPTO | F100: Porcentaje | G100: Costo Total
B101: ADMINISTRACIÓN Y UTILIDAD (Nota 2) | C101: Administración | G101: =+F101*$G$98 -> 0
C102: Utilidad | G102: =+F102*$G$98 -> 0
B103: TOTAL ADMINISTRACIÓN Y UTILIDAD | G103: =SUM(G101:G102) -> 0
B105: SUBTOTAL 2 (SUBTOTAL 1 + ADMINISTRACIÓN Y UTILIDAD) | G105: =+G98+G103 -> 0
B107: CATEGORÍA DE COSTO | C107: CONCEPTO | F107: Porcentaje | G107: Costo Total
B108: IMPUESTOS | C108: IVA | F108: 0.16 | G108: =+F108*$G$105 -> 0
C109: ICA | F109: =6.9/1000 -> 0.0069 | G109: =+F109*$G$105 -> 0
B110: TOTAL IMPUESTOS | G110: =SUM(G108:G109) -> 0
B112: TOTAL COTIZACION INTERVENTORIA ZONA 3 (MACRO 4 Y 5) | G112: =+G105+G110 -> 0
B114: La presente cotización:
B115: • Incluye todos los costos y gastos directos e indirectos en que debe incurrir el contratista durante la ejecución del contrato de acuerdo con las especificaciones de la Ficha de Condiciones Técnicas, las obligaciones tributarias de acuerdo con las normas aplicables para el tipo de servicio y contrato correspondiente, y los costos de las pólizas. • Se remite como parte del estudio de mercado, previo a la contratación, y no implica ninguna obligación de contratar. • Tiene una vigencia de 90 días a partir de la fecha de diligenciamiento.
B116: Inscripción en el Registro Único de Proponentes: Las personas naturales y jurídicas, nacionales o extranjeras, con domicilio en Colombia, interesadas en participar en procesos de contratación convocados por las entidades estatales, deben estar inscritas en el RUP, salvo las excepciones previstas de forma taxativa en la ley (Artículo 8 del Decreto 1510 de 2013). Se aclara que esta inscripción no se requiere para remitir cotización durante el estudio de mercado.
E306: 0.16
E307: 0

Sheet ZONA 4 - MACRO (7 y 8)
B9: SOLICITUD DE COTIZACIÓN
B11: EMPRESA: | C11: =+'ZONA 1 - MACRO (1 y 2)'!C11 -> 0 | D11: CONTACTO: | E11: =+'ZONA 1 - MACRO (1 y 2)'!E11:G11 -> 0
B12: CARGO: | C12: =+'ZONA 1 - MACRO (1 y 2)'!C12 -> 0 | D12: E-MAIL: | E12: =+'ZONA 1 - MACRO (1 y 2)'!E12:G12 -> 0
B13: TELÉFONO: | C13: =+'ZONA 1 - MACRO (1 y 2)'!C13 -> 0 | D13: FECHA: | E13: =+'ZONA 1 - MACRO (1 y 2)'!E13:G13 -> 0
B15: Instrucciones para el diligenciamiento del formato de cotización
B16: • Por favor diligenciar solo las celdas en AMARILLO. Se deben llenar todas las casillas. • Revisar todos los requerimientos que se exponen en el documento Ficha de Condiciones Técnicas y Anexos; y formular su cotización en concordancia con este. • El valor de la cotización deber ser expresado en PESOS COLOMBIANOS. • Los valores unitarios deberán aproximarse por exceso o por defecto al entero más cercano. Si la cifra no está aproximada y aparece con centavos, el ICBF aproximará al entero inferior. • No modificar, agregar o quitar ningún ítem o sub-ítem.
B17: Notas: (1) El plazo de ejecución del contrato se estima en cinco (5) meses. Sin embargo, la firma interventora debe estar disponible durante los siguientes 4 meses, para adelantar los requerimientos de información que realice el ICBF o cualquier Entidad de control. Estos 4 meses adicionales deben estar contemplados en los costos de administración. (2) Administración y Utilidad: Establecer los porcentajes que correspondan a estos dos factores. Con respecto a la Administración, incluir en éste los costos correspondientes a demás costos indirectos relacionados en el contrato entre ellos se deben tener en cuenta las pólizas para la legalización del contrato, gastos de oficina, papelería, gravamen al impuesto financiero (4 x mil) e imprevistos.
B19: Tiempo de ejecución en meses (Nota 1) | C19: 5 | D19: Zona --> | E19: 4 | F19: Macros --> | G19: 7 Y 8
B21: CATEGORÍA DE COSTO | C21: CARGO | D21: Personas Requeridas | E21: % de dedicación en el proyecto | F21: Valor mes (honorarios o salarios) | G21: Costo Total (Periodo de ejecución)
B22: PERSONAL | C22: Director de Interventoría | D22: 1 | E22: 1 | G22: =ROUND(D22*E22*F22*$C$19,0) -> 0
C23: Coordinador Técnico | D23: 1 | E23: 1 | G23: =ROUND(D23*E23*F23*$C$19,0) -> 0
C24: Profesional Administrativo y financiero | D24: 1 | E24: 1 | G24: =ROUND(D24*E24*F24*$C$19,0) -> 0
C25: Profesional en Calidad | D25: 1 | E25: 1 | G25: =ROUND(D25*E25*F25*$C$19,0) -> 0
C26: Profesional de Sistemas | D26: 1 | E26: 1 | G26: =ROUND(D26*E26*F26*$C$19,0) -> 0
C27: Profesional de Área Técnico nutricional | D27: 1 | E27: 1 | G27: =ROUND(D27*E27*F27*$C$19,0) -> 0
C28: Profesional del Área social | D28: 2 | E28: 1 | G28: =ROUND(D28*E28*F28*$C$19,0) -> 0
C29: Supervisor de Campo Nutricionista | D29: 2 | E29: 1 | G29: =ROUND(D29*E29*F29*$C$19,0) -> 0
C30: Supervisor de Campo Ingeniero de Alimentos | D30: 4 | E30: 1 | G30: =ROUND(D30*E30*F30*$C$19,0) -> 0
C31: Supervisor de Campo Tecnologo de Alimentos | D31: 2 | E31: 1 | G31: =ROUND(D31*E31*F31*$C$19,0) -> 0
C32: Profesional Residente | D32: 4 | E32: 1 | G32: =ROUND(D32*E32*F32*$C$19,0) -> 0
C33: Técnico administrativo en correspondencia | D33: 1 | E33: 1 | G33: =ROUND(D33*E33*F33*$C$19,0) -> 0
C34: Tecnólogo en Sistemas | D34: 1 | E34: 1 | G34: =ROUND(D34*E34*F34*$C$19,0) -> 0
... C37: Auxiliar de archivo | D37: 1 | E37: 1 | G37: =ROUND(D37*E37*F37*$C$19,0) -> 0
B38: VALOR TOTAL TALENTO HUMANO | G38: =SUM(G22:G37) -> 0
B40: CATEGORÍA DE COSTO | C40: CONCEPTO | E40: Cantidad de visitas | F40: Valor Unitario Promedio | G40: TOTAL
B41: DESPLAZAMIENTOS | C41: VISITAS A : Unidad de Servicio, Seguimiento , Quejas y Reclamos, Socialización Regionales, Reuniones a Municipios , Bodegas, Plantas , Contratistas y Aplicación guia de transporte. | E41: 662 | G41: =+ROUND(F41*E41,0) -> 0
B42: VALOR TOTAL DESPLAZAMIENTOS | G42: =+G41 -> 0
B44: CATEGORÍA DE COSTO | C44: TIPO DE ANALISIS | E44: Cantidad | F44: Valor Unitario | G44: TOTAL
B45: ANALISIS DE LABORATORIO | C45: LACTEOS - FISICOQUIMICOS
C46: Volumen | E46: 28 | G46: =+ROUND(F46*E46,0) -> 0
C47: Grasa % m/v | E47: 28 | G47: =+ROUND(F47*E47,0) -> 0
C48: Extracto seco total % m/m | E48: 28 | G48: =+ROUND(F48*E48,0) -> 0
C49: Extracto seco desengrasado % m/m | E49: 28 | G49: =+ROUND(F49*E49,0) -> 0
C50: Sólidos lácteos no grasos | E50: 28 | G50: =+ROUND(F50*E50,0) -> 0
C51: Peroxidasa | E51: 28 | G51: =+ROUND(F51*E51,0) -> 0
C52: Fosfatasa | E52: 28 | G52: =+ROUND(F52*E52,0) -> 0
C53: Densidad 15/15°C (g/ml) | E53: 28 | G53: =+ROUND(F53*E53,0) -> 0
C54: Acidez expresado como ácido láctico % m/v | E54: 28 | G54: =+ROUND(F54*E54,0) -> 0
C55: pH | E55: 28 | G55: =+ROUND(F55*E55,0) -> 0
C56: índice °C | E56: 28 | G56: =+ROUND(F56*E56,0) -> 0
C57: Crioscópico °H | E57: 28 | G57: =+ROUND(F57*E57,0) -> 0
... C62: Carbohidratos | E62: 28 | G62: =+ROUND(F62*E62,0) -> 0
C63: SUBTOTAL FISICOQUIMICOS | G63: =SUM(G46:G62) -> 0
C64: LACTEOS - MICROBIOLOGICOS
C65: Esterilidad comercial | E65: 28 | G65: =+ROUND(F65*E65,0) -> 0
C66: SUBTOTAL MICROBIOLOGICOS | G66: =+G65 -> 0
C67: TOTAL LÁCTEOS (FISICOQUIMICOS + MICROBIOLOGICOS) | G67: =+G66+G63 -> 0
C68: SOLIDOS GALLETAS - FISICOQUIMICOS
C69: Peso por ración | E69: 6 | G69: =+ROUND(F69*E69,0) -> 0
C70: Hierro Aminoquelado | E70: 6 | G70: =+ROUND(F70*E70,0) -> 0
C71: Ácido Fólico | E71: 6 | G71: =+ROUND(F71*E71,0) -> 0
C72: Proteínas | E72: 6 | G72: =+ROUND(F72*E72,0) -> 0
C73: Carbohidratos | E73: 6 | G73: =+ROUND(F73*E73,0) -> 0
C74: Grasas | E74: 6 | G74: =+ROUND(F74*E74,0) -> 0
C75: pH de solución acuosa al 10% | E75: 6 | G75: =+ROUND(F75*E75,0) -> 0
C76: Proteína % en fracción en base seca | E76: 6 | G76: =+ROUND(F76*E76,0) -> 0
C77: Humedad en % | E77: 6 | G77: =+ROUND(F77*E77,0) -> 0
C78: SUBTOTAL FISICOQUIMICOS | G78: =SUM(G69:G77) -> 0
C79: SOLIDOS GALLETAS - MICROBIOLOGICOS
C80: Recuento de bacterias aerobias mesófilas, UFC/g | E80: 6 | G80: =+ROUND(F80*E80,0) -> 0
C81: Recuento de coliformes en placa, UFC/g | E81: 6 | G81: =+ROUND(F81*E81,0) -> 0
C82: Recuento de Staphylococcus aeureus coagulasa positiva, UFC/g | E82: 6 | G82: =+ROUND(F82*E82,0) -> 0
C83: Recuento de mohos y levaduras, UFC/g | E83: 6 | G83: =+ROUND(F83*E83,0) -> 0
C84: Detección de Salmonella /25g | E84: 6 | G84: =+ROUND(F84*E84,0) -> 0
C85: Recuento de Escherichia coli, UFC/g | E85: 6 | G85: =+ROUND(F85*E85,0) -> 0
C86: Recuento de Bacillus cereus, UFC/g | E86: 6 | G86: =+ROUND(F86*E86,0) -> 0
C87: SUBTOTAL MICROBIOLOGICOS | G87: =SUM(G80:G86) -> 0
C88: TOTAL SOLIDOS GALLETAS (FISICOQUIMICOS + MICROBIOLOGICOS) | G88: =+G87+G78 -> 0
C89: ANALISIS DE EMPAQUE PRIMARIO - LACTEOS
C90: Transmisión de luz (transmitancia total) | E90: 2 | G90: =+ROUND(F90*E90,0) -> 0
C91: Permeabilidad al oxígeno | E91: 2 | G91: =+ROUND(F91*E91,0) -> 0
C92: ANALISIS DE EMPAQUE PRIMARIO - GALLETAS
C93: Espesor (micras) | E93: 1 | G93: =+ROUND(F93*E93,0) -> 0
C94: Transmisión de vapor de agua | E94: 1 | G94: =+ROUND(F94*E94,0) -> 0
C95: TOTAL ANALISIS DE EMPAQUES | G95: =+G90+G91+G93+G94 -> 0
B96: VALOR TOTAL ANALISIS DE LABORATORIO (TOTAL LACTEOS + TOTAL SOLIDOS GALLETAS + TOTAL ANALISIS DE EMPAQUES) | G96: =+G95+G88+G67 -> 0
B98: SUBTOTAL 1 (TALENTO HUMANO + DESPLAZAMIENTOS + ANALISIS DE LABORATORIO) | G98: =+G38+G42+G96 -> 0
B100: CATEGORÍA DE COSTO | C100: CONCEPTO | F100: Porcentaje | G100: Costo Total
B101: ADMINISTRACIÓN Y UTILIDAD (Nota 2) | C101: Administración | G101: =+F101*$G$98 -> 0
C102: Utilidad | G102: =+F102*$G$98 -> 0
B103: TOTAL ADMINISTRACIÓN Y UTILIDAD | G103: =SUM(G101:G102) -> 0
B105: SUBTOTAL 2 (SUBTOTAL 1 + ADMINISTRACIÓN Y UTILIDAD) | G105: =+G98+G103 -> 0
B107: CATEGORÍA DE COSTO | C107: CONCEPTO | F107: Porcentaje | G107: Costo Total
B108: IMPUESTOS | C108: IVA | F108: 0.16 | G108: =+F108*$G$105 -> 0
C109: ICA | F109: =6.9/1000 -> 0.0069 | G109: =+F109*$G$105 -> 0
B110: TOTAL IMPUESTOS | G110: =SUM(G108:G109) -> 0
B112: TOTAL COTIZACION INTERVENTORIA ZONA 4 (MACRO 7 Y 8) | G112: =+G105+G110 -> 0
B114: La presente cotización:
B115: • Incluye todos los costos y gastos directos e indirectos en que debe incurrir el contratista durante la ejecución del contrato de acuerdo con las especificaciones de la Ficha de Condiciones Técnicas, las obligaciones tributarias de acuerdo con las normas aplicables para el tipo de servicio y contrato correspondiente, y los costos de las pólizas. • Se remite como parte del estudio de mercado, previo a la contratación, y no implica ninguna obligación de contratar. • Tiene una vigencia de 90 días a partir de la fecha de diligenciamiento.
B116: Inscripción en el Registro Único de Proponentes: Las personas naturales y jurídicas, nacionales o extranjeras, con domicilio en Colombia, interesadas en participar en procesos de contratación convocados por las entidades estatales, deben estar inscritas en el RUP, salvo las excepciones previstas de forma taxativa en la ley (Artículo 8 del Decreto 1510 de 2013). Se aclara que esta inscripción no se requiere para remitir cotización durante el estudio de mercado.
E306: 0.16
E307: 0

Sheet ZONAS Y MACROREGIONES 
B2: INTERVENTORÍA - ZONAS DISTRIBUIDAS ASÍ:
B4: Zonas | C4: Macroregiones | D4: Regionales
B5: 1 | C5: 1 y 2 | D5: 1 – Cesar, La Guajira, Magdalena
D6: 2 – Atlántico, Bolívar, San Andrés
B7: 2 | C7: 3 y 6 | D7: 3 –Córdoba, Sucre
D8: 6 – Arauca, Norte de Santander, Santander
B9: 3 | C9: 4 y 5 | D9: 4 – Caldas, Caquetá, Chocó, Huila, Quindío, Risaralda, Tolima
D10: 5 – Cauca, Nariño, Putumayo, Valle del Cauca
B11: 4 | C11: 7 y 8 | D11: 7 – Bogotá, Boyacá, Casanare, Cundinamarca, Guaviare, Meta
D12: 8 – Amazonas, Guainía, Vaupés, Vichada

Sheet POLIZAS
B9: CONCEPTOS A TENER EN CUENTA
B12: El presente cuadro es de carácter informativo, no se debe diligenciar. Sin embargo se entiende que la cotización incluye la totalidad de los conceptos relacionados a continuación.
B14: POLIZAS PARA LEGALIZACIÓN DEL CONTRATO
B16: CONCEPTO | D16: COBERTURA | E16: PLAZO (En Meses)
B17: Garantía de Seriedad de la oferta | D17: 0.1 | E17: Plazo de Ejecución
B18: Cumplimiento | D18: 0.2 | E18: Plazo de ejecución + 4 meses mas
B19: Salarios, Prestaciones | D19: 0.1 | E19: Plazo de ejecución + 36 meses mas
B20: Calidad de los Servicios | D20: 0.2 | E20: Plazo de ejecución + 4 meses mas
B21: Responsabilidad civil extracontraactual | D21: 0.1 | E21: Plazo de Ejecución
B22: Cobertura: Corresponde al porcentaje del valor total del contrato a amparar.

Sheet INFO EXPERIENCIA
B8: EXPERIENCIA EN CONTRATACION EN LOS ULTIMOS 5 AÑOS
B9: EXPERIENCIA EN CONTRATACION EN LOS ULTIMOS 5 AÑOS
B10: Con el fin de conocer la experiencia con la que cuentan las empresas del sector relacionada con el objeto del presente estudio de mercado, agradecemos diligenciar el cuadro que sigue:
B12: Tipo de entidad | C12: Entidad o Empresa | D12: Numero del contrato | E12: Objeto del contrato | F12: Fecha de suscripción (dd/mmm/aa) | G12: Plazo de ejecución (en años) | H12: Forma de participación (UT, consorcio, individual) | I12: % de participación | J12: Valor total ejecutado del contrato
B22: Nota: Agregar las filas necesarias para reportar la experiencia
C24: Director de Interventoría
C25: Coordinador Técnico
C26: Profesional de Sistemas
C27: Profesional Administrativo y financiero
C28: Profesional de Área Técnico nutricional
C29: Profesional en Calidad
C30: Profesional del Área social
C31: Supervisor de Campo Nutricionista
C32: Supervisor de Campo Ingeniero de Alimentos
C33: Supervisor de Campo Tecnologo de Alimentos
C34: Profesional Residente
C35: Técnico administrativo en correspondencia
... C39: Auxiliar de archivo
